 Dungeon Crawl Stone Soup version 0.27.1-34-g3ba077fa99 (webtiles) character file.

Game seed: 9880541981870494492

1036 boopmooplesden the Fighter (level 8, -2/83 HPs)
             Began as a Minotaur Fighter on Jan 12, 2022.
             Was an Initiate of Okawaru.
             Slain by a sky beast (6 damage)
             ... on level 5 of the Dungeon.
             The game lasted 00:05:45 (3621 turns).

boopmooplesden the Fighter (Minotaur Fighter)       Turns: 3621, Time: 00:05:45

Health: -2/83      AC: 12    Str: 22    XL:     8   Next: 3%
Magic:  7/7        EV:  7    Int:  5    God:    Okawaru [......]
Gold:   149        SH: 12    Dex: 11    Spells: 7/7 levels left

rFire    . . .     SeeInvis .   a - +0 long sword
rCold    . . .     Faith    .   c - +0 kite shield
rNeg     . . .     Spirit   .   j - +0 chain mail
rPois    .         Reflect  .   (helmet restricted)
rElec    .         Harm     .   h - +0 cloak
rCorr    .         Rampage  .   e - +0 pair of gloves
Will     .....                  (no boots)
Stlth    ..........             (no amulet)
HPRegen  0.23/turn              (no ring)
MPRegen  0.10/turn              (no ring)

@: no status effects
A: horns 2, retaliatory headbutt
a: Renounce Religion


You were on level 5 of the Dungeon.
You worshipped Okawaru.
Okawaru was noncommittal.
You visited 1 branch of the dungeon, and saw 5 of its levels.

You collected 149 gold pieces.

Inventory:

Hand Weapons
 a - a +0 long sword (weapon)
Armour
 b - a +0 scale mail
 c - a +0 kite shield (worn)
 e - a +0 pair of gloves (worn)
 h - a +0 cloak (worn)
 j - a +0 chain mail (worn)
Scrolls
 f - 3 scrolls of identify
 p - a scroll of brand weapon {unknown}
 q - a scroll of amnesia
Potions
 d - a potion of degeneration
 g - a potion of haste
 i - 2 potions of invisibility
 k - a potion of cancellation
 l - a potion of resistance
 m - a potion of curing {unknown}
 n - a potion of might
 o - a potion of lignification {unknown}


   Skills:
 + Level 12.1 Fighting
 + Level 6.4 Long Blades
 + Level 5.2 Armour
 + Level 1.0 Dodging
 + Level 9.8 Shields


You had 7 spell levels left.
You didn't know any spells.
Your spell library contained the following spells:

 Spells                   Type           Power      Damage    Failure   Level
 Static Discharge         Conj/Air       0%         N/A       100%        2
 Ozocubu's Armour         Ice            0%         N/A       100%        3
 Dispel Undead            Necr           0%         3d6       100%        4
 Sticky Flame             Conj/Fire      0%         2d3       100%        4
 Metabolic Englaciation   Hex/Ice        0%         N/A       100%        5
 Simulacrum               Ice/Necr       0%         N/A       100%        6


Dungeon Overview and Level Annotations

Branches:
Dungeon (5/15)
 Temple: D:4-7

Altars:
Cheibriados
Gozag
Okawaru
Uskayaw
Yredelemnul
Zin

Shops:
D:2 (*   D:3 !


Innate Abilities, Weirdness & Mutations

You have a pair of horns on your head.
You reflexively headbutt those who attack you in melee.


Message History

Okawaru accepts your kill.
You have reached level 8!
You feel agile.
You start resting.
An adder comes into view.
The adder hisses angrily.
The adder bites you.
* * * LOW HITPOINT WARNING * * *
You block the adder's attack.
You slash the adder!
You kill the adder!
Okawaru accepts your kill.
You see here an adder corpse.
A sky beast comes into view.
A sky beast is nearby!
The sky beast flickers out of sight!
Deactivating autopickup; reactivate with Ctrl-A.
You slash something! Something hits you but does no damage.
You completely miss something.
Something hits you but does no damage. x2
You hit something but do no damage. Something hits you.
* * * LOW HITPOINT WARNING * * *
Something shocks you.
* * * LOW HITPOINT WARNING * * *
You miss something. Your headbutt misses something. Something hits you.
* * * LOW HITPOINT WARNING * * *
Something shocks you.
* * * LOW HITPOINT WARNING * * *
You hit something. Something hits you but does no damage.
You slash something! Something hits you but does no damage.
You slash something! Something hits you but does no damage. Something hits you.
* * * LOW HITPOINT WARNING * * *
Something shocks you.
* * * LOW HITPOINT WARNING * * *
You hit something but do no damage. Your headbutt misses something.
You block something's attack.
You miss something. Something hits you but does no damage.
You closely miss something. Something hits you.
* * * LOW HITPOINT WARNING * * *
Something shocks you.
You die...

......# .≈#.......(.
#.....##.##....###.#
#.###........+.....+...#
...........#.....###.#
#........#.....###+#
#.........#+##......
#.###...†...#.#..#......
........................
.......@.#........####'#
#.#....{.#........†.....
# ###....#.......#####)#
.................).).
.........†........)..#
####........##..#######
#...................
#....#...##...######
...............#


There were no monsters in sight!

Vanquished Creatures
  Sigmund (D:2)
  A water moccasin (D:5)
  A phantom (D:5)
  3 hounds (D:4)
  3 orc priests
  2 iguanas (D:4)
  Crazy Yiuf (D:2)
  An orc wizard (D:4)
  A hound zombie (D:5)
  5 adders
  A white imp (D:5)
  2 worms
  4 dart slugs (D:1)
  12 orcs
  7 endoplasms
  A giant cockroach (D:4)
  9 hobgoblins
  16 kobolds
  2 quokkas (D:1)
  7 ball pythons
  8 bats
  7 frilled lizards
  4 goblins
  4 rats
103 creatures vanquished.

Vanquished Creatures (others)
  An orc wizard (D:5)
  8 plants (D:1)
9 creatures vanquished.

Grand Total: 112 creatures vanquished

Notes
Turn   | Place    | Note
-------+----------+-------------------------------------------
     0 | D:1      | boopmooplesden the Minotaur Fighter began the quest for the
                  | Orb.
     0 | D:1      | Reached XP level 1. HP: 19/19 MP: 0/0
   158 | D:1      | Reached XP level 2. HP: 27/27 MP: 1/1
   202 | D:1      | Reached skill level 4 in Fighting
   224 | D:1      | Reached XP level 3. HP: 17/33 MP: 2/2
   675 | D:2      | Noticed Sigmund
   688 | D:2      | Killed Sigmund
   689 | D:2      | Reached skill level 1 in Dodging
   689 | D:2      | Reached XP level 4. HP: 24/41 MP: 3/3
   689 | D:2      | Reached XP level 5. HP: 27/47 MP: 4/4
  1035 | D:2      | Found Yfalauxi's Weapon Shop.
  1129 | D:2      | Found a runed translucent door.
  1130 | D:2      | Noticed Crazy Yiuf
  1165 | D:2      | Found Afinef's Assorted Antiques.
  1532 | D:2      | Killed Crazy Yiuf
  1533 | D:2      | Reached skill level 5 in Long Blades
  1805 | D:3      | Found Qettohenn's Distillery.
  1841 | D:3      | Found a hide-covered altar of Uskayaw.
  2328 | D:3      | Reached skill level 12 in Fighting
  2328 | D:3      | Reached XP level 6. HP: 70/70 MP: 5/5
  2377 | D:4      | Reached XP level 7. HP: 77/77 MP: 6/6
  3246 | D:4      | Found a basalt altar of Yredelemnul.
  3249 | D:4      | Found a snail-covered altar of Cheibriados.
  3250 | D:4      | Found an opulent altar of Gozag.
  3287 | D:4      | Found a glowing silver altar of Zin.
  3289 | D:4      | Found an iron altar of Okawaru.
  3296 | D:4      | Became a worshipper of Warmaster Okawaru
  3415 | D:5      | Entered Level 5 of the Dungeon
  3486 | D:5      | Reached skill level 5 in Armour
  3542 | D:5      | Reached XP level 8. HP: 12/83 MP: 7/7
  3621 | D:5      | HP: 4/83 [something (3)]
  3621 | D:5      | Slain by a sky beast

Illustrated notes

Levels and vault maps discovered:
D:1:      scummos_arrival_forest, layout_rooms, st_stairs_12,
          minmay_misc_feat_room, lexackson_kobold_supper
D:2:      layout_loops_cross, serial_shops, nicolae_shop_trees,
          nicolae_shop_behind_doors, uniq_sigmund, uniq_crazy_yiuf_cottage
D:3:      layout_loops_cross, lemuel_crystal_altar, serial_shops,
          nicolae_shop_trees, minmay_close_crescents
D:4:      layout_loops_corners, minmay_overflow_temple_star_hex, st_stairs_13,
          amcnicky_mini_rare_corridor_liquid, kennysheep_generic_room_4
D:5:      layout_basic, xom_confusion_cloud, minmay_temple_entry_metal_lava,
          grunt_ministairs_15, uniq_prince_ribbit1

Skill      XL: |  1  2  3  4  5  6  7 |
---------------+----------------------+-----
Shields        | 4 9 |  9.8
Fighting       | 4 12 | 12.1
Long Blades    | 3 4 5 6 |  6.4
Armour         | 4 5 |  5.2
Dodging        | 1 |  1.0

Action                   |  1- 3 |  4- 6 |  7- 9 || total
-------------------------+-------+-------+-------++-------
Melee: Long sword        |    58 |    48 |   119 ||   225
       Headbutt          |    10 |     8 |    29 ||    47
  Use: Scroll            |     6 |     3 |       ||     9
       Potion            |     1 |     1 |       ||     2
Armor: Scale mail        |    28 |     4 |       ||    32
       Chain mail        |       |    14 |    50 ||    64
Dodge: Dodged            |    26 |    18 |    26 ||    70
Block: Kite shield       |    30 |    30 |    65 ||   125
       Rpst.: Long sword |     6 |     4 |     8 ||    18
